 Dungeon Crawl Stone Soup version 0.17-a0-1181-gabc46e6 (webtiles) character file.

85759 Murumi the Carver (level 16, -1/127 HPs)
             Began as a Formicid Fighter on June 1, 2015.
             Was a High Priest of the Shining One.
             Slain by a four-headed hydra (13 damage)
             ... called by a young spriggan druid
             ... on level 8 of the Lair of Beasts.
             The game lasted 02:18:08 (24192 turns).

Murumi the Carver (Formicid Fighter)               Turns: 24192, Time: 02:18:08

Health: -1/127     AC: 22    Str: 27    XL:     16   Next: 32%
Magic:  0/25       EV: 10    Int:  9    God:    the Shining One [*****.]
Gold:   2358       SH: 24    Dex: 10    Spells: 0 memorised, 15 levels left

rFire  . . .     SeeInvis +     j - +0 scimitar (flame)
rCold  + . .     Clarity  .     x - +1 plate armour {rC+}
rNeg   + + .     SustAt   .     O - +1 shield {reflect}
rPois  +         Gourm    .     (helmet unavailable)
rElec  .         Spirit   +     J - +2 cloak
rCorr  .         Warding  .     m - +0 pair of gloves
rMut   .         Stasis   +     o - +0 pair of boots
MR     ++...                    u - amulet of guardian spirit
Stlth  ..........               I - ring of protection from magic
                                K - ring of poison resistance

@: divine shield, glowing, very resistant to hostile enchantments, extremely
unstealthy
A: permanent stasis, dig shafts and tunnels, four strong arms, antennae 3
a: Dig, Shaft Self, Divine Shield, Cleansing Flame, Summon Divine Warrior,
Renounce Religion


You were on level 8 of the Lair of Beasts.
You worshipped the Shining One.
The Shining One was extremely pleased with you.
You were not hungry.

You visited 4 branches of the dungeon, and saw 27 of its levels.
You visited the Abyss 1 time.
You also visited: Sewer.

You collected 2493 gold pieces.
You spent 135 gold pieces at shops.

Inventory:

Hand weapons
 d - a +0 great sword
 j - a +0 scimitar of flaming (weapon)
 w - a +2 hand crossbow of freezing
Missiles
 l - 162 bolts
Armour
 m - a +0 pair of gloves (worn)
 o - a +0 pair of boots (worn)
 x - a +1 plate armour of cold resistance (worn)
 J - a +2 cloak (worn)
 O - a +1 shield of reflection (worn)
Jewellery
 p - an uncursed ring of wizardry
 u - an amulet of guardian spirit (around neck)
 B - an uncursed ring of ice
 I - a ring of protection from magic (right hand)
 K - a ring of poison resistance (left hand)
 L - an uncursed amulet of resist corrosion
 Q - an uncursed ring of positive energy
Magical devices
 a - a wand of cold (7)
 z - a wand of flame (27)
 G - a wand of fire (9)
 P - a wand of flame (23)
 S - a wand of lightning (11)
Scrolls
 i - 7 scrolls of enchant weapon
 n - 8 scrolls of amnesia
 s - 3 scrolls of fear
 t - 4 scrolls of magic mapping
 y - 5 scrolls of recharging
 A - 12 scrolls of identify
 C - a scroll of fog
 M - 8 scrolls of remove curse
Potions
 b - a potion of resistance
 g - a potion of lignification
 h - a potion of brilliance
 q - 2 potions of cure mutation
 r - 7 potions of might
 v - a potion of flight
 D - 2 potions of agility
 F - a potion of cancellation
 H - a potion of magic
Comestibles
 c - 34 fruits
 e - 9 bread rations
 f - 15 meat rations
 E - 3 slices of pizza
 N - a beef jerky
 R - 2 chunks of flesh


   Skills:
 - Level 12.0 Fighting
 - Level 13.0 Long Blades
 - Level 9.0 Crossbows
 - Level 11.0 Armour
 + Level 7.2 Dodging
 - Level 13.0 Shields
 - Level 13.0 Invocations


You had 15 spell levels left.
You didn't know any spells.

Dungeon Overview and Level Annotations

Branches:
Dungeon (14/15) Temple (1/1) D:5 Lair (8/8) D:9 Shoals (0/4) Lair:3 Spider (0/4) Lair:6 Slime (0/6) Lair:7 Orc (4/4) D:10 Elf (0/3) Orc:4 Vaults (0/5) D:12 D:13

Altars:
Ashenzari
Cheibriados
Dithmenos
Elyvilon
Fedhas
Gozag
Kikubaaqudgha
Makhleb
Nemelex Xobeh
Okawaru
Qazlal
Ru
Sif Muna
Trog
Vehumet
Xom
Yredelemnul
Zin
The Shining One
Beogh

Shops:
D:7 %   Orc:1 *   Orc:3 }   Orc:4 *}[(


Innate Abilities, Weirdness & Mutations

You are under a permanent stasis effect.
You can dig through walls and to a lower floor.
Your four strong arms can wield two-handed weapons with a shield.
You have a pair of large antennae on your head (SInv).


Message History

The six-headed hydra bites you!
* * * LOW HITPOINT WARNING * * *
The six-headed hydra bites you.
* * * LOW HITPOINT WARNING * * *
You block the six-headed hydra's attack. x2
The six-headed hydra bites you but does no damage.
You lop one of the six-headed hydra's heads off!
The flame cauterises the wound!
You slice the five-headed hydra!! You burn the five-headed hydra!
The five-headed hydra is severely wounded.
You slice one of the five-headed hydra's heads off!
The flame cauterises the wound!
You slash the four-headed hydra! You burn the four-headed hydra.
The four-headed hydra is almost dead.
You block the four-headed hydra's attack.
The four-headed hydra bites you but does no damage.
The four-headed hydra bites you!
* * * LOW HITPOINT WARNING * * *
The four-headed hydra bites you!
You die...

..P#♣ ♣...♣♣
.PPP♣♣♣♣♣♣♣♣♣♣♣†..♣
P...#.♣.....♣♣.r♣♣♣
......#...P..hP.♣
........P##.{P..♣
#......P.####..#♣
.#......## #{{#
##..#P...# #{####
##.....P.# ##.#@#
.....÷.P## ##D##
.#......# ###
........# .....P..#
.......###
.........#
......P..#
.........#


You could see a four-headed hydra (frenzied).

Vanquished Creatures
  Donald (D:12)
  An orc warlord (Orc:4)
  Nessos (Lair:5)
  The ghost of Oper80 the Geomancer, a powerful FoEE of Vehumet (Lair:2)
  A centaur warrior (D:13)
  8 hydras
  Erica (D:9)
  Urug (Lair:1)
  An orc high priest (Orc:4)
  A fire crab (Lair:7)
  A skeletal warrior (D:12)
  2 unseen horrors (D:12)
  3 hill giants (D:13)
  A manticore (D:11)
  3 griffons
  2 ugly things
  3 black mambas
  An orc sorcerer (Orc:4)
  Joseph (D:7)
  6 komodo dragons
  12 spiny frogs
  An orange demon (Orc:4)
  2 gargoyles
  The ghost of Geomchi the Insei, an experienced OpTm (D:5)
  2 fire drakes
  A spriggan druid (Lair:8)
  3 trolls
  A two-headed ogre (D:9)
  18 blink frogs
  4 polar bears
  Prince Ribbit (D:8)
  A slime creature (Lair:2)
  A boulder beetle (Lair:8)
  A deep elf mage (D:12)
  6 spriggans (Lair:8)
  3 redbacks (Lair:8)
  3 shadows
  36 yaks
  3 wyverns
  3 hippogriffs
  Eustachio (D:5)
  2 hungry ghosts (D:7)
  2 vampire mosquitoes (D:12)
  16 humans
  2 basilisks
  4 wargs
  20 wolves (Lair:8)
  9 spiders (Lair:6)
  11 water moccasins
  5 black bears
  13 porcupines
  38 orc warriors
  4 ice beasts
  A sky beast (D:11)
  An eye of draining (D:12)
  3 wasps
  15 ogres
  A necrophage (D:12)
  2 phantoms
  14 crocodiles
  4 centaurs
  2 big kobolds
  18 giant frogs
  A wyvern zombie (D:13)
  A water moccasin skeleton (D:10)
  4 scorpions
  3 killer bees (D:6)
  7 wights
  3 electric eels
  3 giant frog zombies
  9 crimson imps
  28 orc priests
  10 jellies
  A quasit (D:12)
  3 centaur skeletons
  6 hounds
  Ijyb (D:3)
  39 orc wizards
  10 iguanas
  7 worker ants
  A hound skeleton (D:4)
  6 gnolls
  16 adders
  87 river rats
  4 shadow imps
  12 oozes
  4 adder skeletons
  3 worms
  3 giant geckos
  189 orcs
  14 bats
  2 bat skeletons
  A bat zombie (D:6)
  5 giant cockroaches
  23 goblins
  9 hobgoblins
  17 jackals
  22 kobolds
  6 quokkas
  7 ball pythons
  9 giant newts
  A quokka zombie (D:6)
  19 rats
  A plant (Lair:8)
928 creatures vanquished.

Vanquished Creatures (others)
  An orc (D:12)
  8 fungi
  A plant (Lair:8)
10 creatures vanquished.

Grand Total: 938 creatures vanquished

Notes
Turn   | Place    | Note
--------------------------------------------------------------
     0 | D:1      | Murumi the Formicid Fighter began the quest for the Orb.
     0 | D:1      | Reached XP level 1. HP: 18/18 MP: 1/1
   140 | D:1      | Reached skill level 4 in Shields
   196 | D:1      | Reached XP level 2. HP: 24/24 MP: 2/2
   239 | D:1      | Reached skill level 1 in Dodging
   895 | D:2      | Reached XP level 3. HP: 27/29 MP: 3/3
  1136 | D:2      | Reached XP level 4. HP: 30/37 MP: 4/4
  1295 | D:2      | Found a bloodstained altar of Trog.
  1480 | D:2      | Reached XP level 5. HP: 34/42 MP: 5/5
  1795 | D:3      | Noticed Ijyb
  1796 | D:3      | Noticed an ogre
  1818 | D:3      | Killed Ijyb
  1820 | D:3      | Killed an ogre
  1820 | D:3      | Reached XP level 6. HP: 48/48 MP: 6/6
  1985 | D:3      | Found a sacrificial altar of Ru.
  2003 | D:3      | Reached skill level 5 in Long Blades
  2332 | D:3      | Found a shadowy altar of Dithmenos.
  2332 | D:3      | Found a basalt altar of Yredelemnul.
  2332 | D:3      | Found a radiant altar of Vehumet.
  2339 | D:3      | Found a glowing silver altar of Zin.
  2382 | D:3      | Found a blossoming altar of Fedhas.
  2779 | D:4      | Reached XP level 7. HP: 43/54 MP: 7/7
  2831 | D:4      | Reached skill level 5 in Shields
  2838 | D:4      | Found an opulent altar of Gozag.
  2970 | D:4      | Found a glowing drain.
  2988 | Sewer    | Entered a sewer
  3301 | Sewer    | Reached skill level 5 in Fighting
  3407 | Sewer    | Reached skill level 13 in Long Blades
  3407 | Sewer    | Reached XP level 8. HP: 62/62 MP: 8/8
  3630 | D:4      | Reached XP level 9. HP: 68/68 MP: 9/9
  3666 | D:5      | Entered Level 5 of the Dungeon
  3684 | D:5      | Noticed Eustachio
  3706 | D:5      | Killed Eustachio
  3706 | D:5      | Reached skill level 5 in Armour
  3961 | D:5      | Noticed Geomchi's ghost (experienced OpTm)
  3983 | D:5      | Killed Geomchi's ghost
  4446 | D:5      | Found a staircase to the Ecumenical Temple.
  4455 | Temple   | Entered the Ecumenical Temple
  4526 | Temple   | Became a worshipper of the Shining One
  5751 | D:6      | Reached skill level 1 in Invocations
  5879 | D:7      | Reached XP level 10. HP: 67/74 MP: 7/11
  5904 | D:7      | Found a blossoming altar of Fedhas.
  5947 | D:7      | Noticed Joseph
  5947 | D:7      | Acquired the Shining One's first power
  5961 | D:7      | Killed Joseph
  6139 | D:7      | Reached skill level 5 in Invocations
  6214 | D:7      | Found Sath's Food Boutique.
  7064 | D:8      | Reached skill level 1 in Crossbows
  7261 | D:8      | Found a deep blue altar of Sif Muna.
  7261 | D:8      | Acquired the Shining One's second power
  7316 | D:8      | Noticed Prince Ribbit
  7540 | D:8      | Killed Prince Ribbit
  7634 | D:9      | Found a staircase to the Lair.
  7794 | D:9      | Reached XP level 11. HP: 74/79 MP: 16/16
  7868 | D:9      | Noticed Erica
  7904 | D:9      | Killed Erica
  7904 | D:9      | Reached skill level 5 in Crossbows
  8216 | Lair:1   | Entered Level 1 of the Lair of Beasts
  8793 | Lair:1   | Noticed Urug
  8828 | Lair:1   | Killed Urug
  9228 | Lair:2   | Noticed Oper80's ghost (powerful FoEE)
  9250 | Lair:2   | Killed Oper80's ghost
  9656 | Lair:2   | HP: 4/87 [poisoned by a black mamba]
  9662 | Lair:2   | HP: 4/87 [poisoned by a black mamba]
  9670 | Lair:2   | HP: 4/87 [poisoned by a black mamba]
 10168 | Lair:2   | Reached XP level 12. HP: 9/96 MP: 5/17
 10618 | Lair:2   | Reached skill level 10 in Fighting
 11253 | D:10     | Entered Level 10 of the Dungeon
 11527 | D:10     | Found a staircase to the Orcish Mines.
 11713 | Orc:1    | Entered Level 1 of the Orcish Mines
 11950 | Orc:1    | Found Fiycil's General Store.
 13183 | Orc:3    | Found a roughly hewn altar of Beogh.
 13574 | Orc:3    | Found Feguth's Quality Used Wands.
 13847 | Orc:4    | Entered Level 4 of the Orcish Mines
 14059 | Orc:4    | Found a staircase to the Elven Halls.
 14090 | Orc:4    | Found a roughly hewn altar of Beogh.
 14124 | Orc:4    | Found Ydiyxoto's Gadget Emporium.
 14257 | Orc:4    | Found a roughly hewn altar of Beogh.
 14274 | Orc:4    | Found a roughly hewn altar of Beogh.
 14281 | Orc:4    | Found a roughly hewn altar of Beogh.
 14322 | Orc:4    | Found Cuivo's Assorted Antiques.
 14411 | Orc:4    | Found a roughly hewn altar of Beogh.
 14543 | Orc:4    | Found a roughly hewn altar of Beogh.
 14592 | Orc:4    | Found a roughly hewn altar of Beogh.
 14726 | Orc:4    | Noticed an orc high priest
 14751 | Orc:4    | Killed an orc high priest
 14828 | Orc:4    | Reached XP level 13. HP: 72/103 MP: 19/19
 14919 | Orc:4    | Noticed an orc warlord
 14955 | Orc:4    | Killed an orc warlord
 14955 | Orc:4    | Reached skill level 5 in Dodging
 15223 | Orc:4    | Found Sifiemor's Antique Armour Boutique.
 15223 | Orc:4    | Found a roughly hewn altar of Beogh.
 15238 | Orc:4    | Found Zomocwon's Antique Weapon Shop.
 15250 | Orc:4    | Bought an embroidered cloak for 135 gold pieces
 15591 | D:10     | Acquired the Shining One's third power
 16387 | D:11     | You fall through a shaft for 3 floors!
 16922 | D:11     | Reached skill level 10 in Shields
 17767 | D:13     | Found a gate to the Vaults.
 17767 | D:13     | Noticed Donald
 17767 | D:13     | Acquired the Shining One's fourth power
 17865 | D:12     | Killed Donald
 17865 | D:12     | Reached skill level 10 in Invocations
 18153 | D:13     | Reached XP level 14. HP: 96/110 MP: 20/22
 18284 | D:13     | Reached skill level 10 in Armour
 18882 | Lair:3   | Found a staircase to the Shoals.
 19882 | Lair:4   | Reached XP level 15. HP: 114/120 MP: 23/23
 20460 | Lair:5   | Noticed Nessos
 20608 | Lair:5   | Killed Nessos
 21334 | Lair:6   | Found a hole to the Spider Nest.
 22339 | Lair:7   | Found a staircase to the Slime Pits.
 22892 | Lair:7   | Reached XP level 16. HP: 84/127 MP: 25/25
 23273 | Lair:8   | Entered Level 8 of the Lair of Beasts
 24104 | Lair:8   | Cast into the Abyss (young spriggan druid)
 24146 | Lair:8   | Escaped the Abyss
 24192 | Lair:8   | Slain by a four-headed hydra

Vault maps used:
D:1:      arrival_zaba_pyramid
D:2:      lightli_temple_of_fire, first_bread
D:3:      minmay_overflow_temple_star_hex, serial_park_tiny_pond,
          nicolae_ru_great_annihilating_truth, uniq_iyjb
D:4:      grunt_gozag_breadcrumbs, portal_sewer_entry_a
D:5:      temple_statues, uniq_eustachio
D:7:      basic_altar, serial_shops, shop, uniq_joseph
D:8:      kennysheep_orc_sif_temple, hangedman_decor_peaks_small,
          uniq_prince_ribbit1
D:9:      minmay_lair_entry_lava, uniq_erica
D:10:     david_orc_2
D:13:     david_vaults_3
D:14:     grunt_decor_arrowhead, hangedman_ranch
Temple:   temple_eino_lava_12
Lair:1:   dpeg_stationary_puzzle, serial_bayou_shore_a, uniq_urug
Lair:2:   lemuel_slime
Lair:3:   elwin_shoals_entry_rocks
Lair:4:   infiniplex_staircase_pool_2, lemuel_fruit_tree
Lair:5:   uniq_nessos
Lair:6:   nicolae_spider_entry_tight_spaces, st_stairs_5, grunt_megastairs_2
Lair:7:   dpeg_slime_entry_corner
Lair:8:   minmay_lair_end_enchanted_forest, grunt_forest_small_clearings,
          eino_small_chamber_without_monster
Orc:1:    serial_shops, shop
Orc:2:    lemuel_ogre_cave
Orc:3:    basic_altar, nicolae_orc_pool_cavern, nicolae_for_you_no_charge
Orc:4:    grunt_orc_community_town_hall, grunt_orc_community_big_house_2,
          grunt_orc_community_big_house_2, grunt_orc_community_house_1,
          grunt_orc_community_house_1, grunt_orc_community_house_3,
          grunt_orc_community_house_1, grunt_orc_community_house_3,
          grunt_orc_community_house_1
Sewer:    sewer_co_15_rooms

Action                   |  1- 3 |  4- 6 |  7- 9 | 10-12 | 13-15 | 16-18 || total
-------------------------+-------+-------+-------+-------+-------+-------++-------
Melee: Long sword        |    97 |   204 |   456 |   332 |       |       ||  1089
       Great sword       |       |       |       |   770 |  1016 |   278 ||  2064
       Scimitar          |       |       |       |    92 |    43 |    14 ||   149
 Fire: Hand crossbow     |       |       |       |     1 |       |       ||     1
Invok: Divine Shield     |       |       |       |    10 |     8 |     4 ||    22
 Abil: Dig               |       |     1 |     3 |    17 |     6 |     1 ||    28
  Use: Scroll            |     2 |     9 |     8 |     5 |     5 |     1 ||    30
       Potion            |       |     1 |     8 |     2 |     1 |     4 ||    16
 Stab: Paralysed         |       |     1 |       |       |       |       ||     1
  Eat: Chunk             |     1 |     5 |    10 |    19 |    27 |     5 ||    67
       Bread ration      |       |       |     1 |     2 |       |       ||     3
       Pizza             |       |       |       |     2 |       |       ||     2
       Beef jerky        |       |       |       |       |     1 |       ||     1
